 Dungeon Crawl Stone Soup version 0.21.1-1-g345015f (webtiles) character file.

333 Mesmaeker13 the Charmwright (level 6, 0/76 HPs)
             Began as a Demigod Skald on Feb 27, 2018.
             Killed from afar by an orc wizard (2 damage)
             ... with a puff of flame
             ... on level 5 of the Dungeon.
             The game lasted 00:07:19 (4208 turns).

Mesmaeker13 the Charmwright (Demigod Skald)         Turns: 4208, Time: 00:07:20

Health: 0/76       AC: 11    Str: 23    XL:     6   Next: 5%
Magic:  20/20      EV:  4    Int: 17    God:
Gold:   193        SH:  0    Dex: 15    Spells: 7/8 levels left

rFire    . . .     SeeInvis .   f - +1 falchion (elec)
rCold    . . .     Gourm    .   (no shield)
rNeg     . . .     Faith    .   m - +0 chain mail
rPois    .         Spirit   .   (no helmet)
rElec    .         Reflect  .   (no cloak)
rCorr    .         Harm     .   (no gloves)
MR       .....                  i - +1 pair of boots (curse)
Stlth    ..........             (no amulet)
HPRegen  0.22/turn              o - ring of magical power
MPRegen  0.17/turn              b - -5 ring of evasion (curse)

@: confused, berserking, lethally poisoned (0 -> 0), very quick
A: high mp 1
a: no special abilities


You were on level 5 of the Dungeon.
You were not hungry.

You visited 1 branch of the dungeon, and saw 5 of its levels.

You collected 193 gold pieces.

Inventory:

Hand Weapons
 f - a +1 falchion of electrocution (weapon)
 j - a +0 long sword
Armour
 i - a cursed +1 pair of boots (worn)
 m - a +0 chain mail (worn)
Jewellery
 b - a cursed -5 ring of evasion (right hand)
 o - a ring of magical power (left hand)
Scrolls
 g - 3 scrolls of magic mapping
 h - a scroll of identify
 k - a scroll of immolation
 l - a scroll of fear
 n - a scroll of blinking
 p - 3 scrolls of teleportation
Potions
 a - 2 potions of cancellation
 q - a potion of heal wounds {unknown}
 r - a potion of brilliance {unknown}
Books
 c - a book of Battle

   Spells                             Type                      Level
   a - Infusion                       Charms                       1
   b - Shroud of Golubria             Charms/Translocation         2
   c - Song of Slaying                Charms                       2
   d - Spectral Weapon                Hexes/Charms                 3
   e - Regeneration                   Charms/Necromancy            3
 t - a book of Changes

   Spells                             Type                      Level
   a - Beastly Appendage              Transmutation                1
   b - Sticks to Snakes               Transmutation                2
   c - Spider Form                    Transmutation/Poison         3
   d - Ice Form                       Ice/Transmutation            4
   e - Blade Hands                    Transmutation                5
Comestibles
 d - 6 rations
 s - 2 chunks of flesh


   Skills:
 + Level 3.3 Fighting
 + Level 3.3 Long Blades
 + Level 2.9 Armour
 - Level 1.7 Dodging
 - Level 1.7 Spellcasting
 + Level 4.0 Charms


You had 7 spell levels left.
You knew the following spells:

 Your Spells              Type           Power        Failure   Level  Hunger
a - Infusion              Chrm           ###.         30%         1    #......


Dungeon Overview and Level Annotations

Branches:
Dungeon (5/15)
 Temple: D:4-7

Annotations:
D:2 Natasha, Sigmund
D:5 Grinder


Innate Abilities, Weirdness & Mutations

You have an increased reservoir of magic. (+10% MP)


Message History

The bullfrog skeleton hits you but does no damage.
The shadow imp hits you but does no damage.
The orc hits you but does no damage. The bullfrog skeleton hits you.
* * * LOW HITPOINT WARNING * * *
You hear some strange, mumbled words.
You are confused.
You can move again.
Unknown command.
It was a potion of berserk rage.
A red film seems to cover your vision as you go berserk!
You feel yourself moving faster!
You feel mighty!
You feel sick.
The bullfrog skeleton hits you but does no damage.
The shadow imp hits you but does no damage.
The orc hits you with a club.
* * * LOW HITPOINT WARNING * * *
The orc priest hits you but does no damage.
You hear some strange, mumbled words.
A puff of flame appears from out of thin air!
The puff of flame hits you!
You die...

################ #####
#..............#...... ###
#..............#...... ....
+..............#......
#...#..............#......
.#...........oo............
...........o5@.............
.......<...aZ#...##...###+
............5#...<..#.#
.............##+#...# ..
........#+#'#...+...# ...
......###+#.#...#...# ...
................##### ..
......##............ . ....
#......##.....


You could see Grinder, a worker ant, an orc priest, a shadow imp, 2 orcs and a
bullfrog skeleton.

Vanquished Creatures
  A scorpion (D:4)
  A howler monkey (D:4)
  2 worker ants
  Natasha (D:2)
  An orc wizard (D:4)
  A hound skeleton (D:4)
  A gnoll (D:4)
  4 adders
  An ooze (D:2)
  5 worms
  A leopard gecko (D:1)
  7 orcs (D:4)
  2 giant cockroaches
  6 goblins
  4 hobgoblins
  4 jackals (D:1)
  A quokka (D:2)
  5 bats
  3 frilled lizards
  11 kobolds
  A leopard gecko zombie (D:5)
  13 rats
76 creatures vanquished.

Notes
Turn   | Place    | Note
-------+----------+-------------------------------------------
     0 | D:1      | Mesmaeker13 the Demigod Skald began the quest for the Orb.
     0 | D:1      | Reached XP level 1. HP: 17/17 MP: 5/5
    15 | D:1      | Reached skill level 1 in Armour
   391 | D:1      | Reached XP level 2. HP: 16/24 MP: 7/7
   511 | D:1      | Reached skill level 3 in Charms
   830 | D:2      | Reached XP level 3. HP: 15/29 MP: 8/8
   912 | D:2      | Noticed Natasha
   922 | D:2      | Killed Natasha
  1411 | D:2      | Found a glowing golden altar of the Shining One.
  1709 | D:2      | Reached XP level 4. HP: 31/37 MP: 9/9
  1832 | D:2      | Noticed Sigmund
  1904 | D:2      | Noticed Natasha
  2641 | D:3      | Noticed a moth of wrath
  2644 | D:3      | Found a bloodstained altar of Trog.
  3075 | D:4      | Reached XP level 5. HP: 29/44 MP: 10/10
  3809 | D:4      | Reached XP level 6. HP: 43/51 MP: 11/11
  4120 | D:4      | Reached skill level 4 in Charms
  4151 | D:5      | Entered Level 5 of the Dungeon
  4190 | D:5      | Noticed Grinder
  4201 | D:5      | Paralysed by Grinder for 7 turns
  4208 | D:5      | HP: 3/76 [poisoned by a worker ant]
  4208 | D:5      | Killed from afar by an orc wizard

Skill      XL: |  1  2  3  4  5  6 |
---------------+-------------------+-----
Armour         | 1 2 |  2.9
Fighting       | 2 3 |  3.3
Long Blades    | 2 3 |  3.3
Charms         | 3 4 |  4.0
Dodging        | |  1.7
Spellcasting   | |  1.7

Action                   |  1- 3 |  4- 6 || total
-------------------------+-------+-------++-------
Melee: Falchion          |   124 |    94 ||   218
       Long sword        |       |    52 ||    52
Throw: Throwing net      |       |     1 ||     1
  Use: Scroll            |     2 |     6 ||     8
       Potion            |       |     4 ||     4
  Eat: Chunk             |     2 |     9 ||    11
Armor: Leather armour    |    22 |       ||    22
       Scale mail        |     5 |    31 ||    36
       Chain mail        |       |    77 ||    77
Dodge: Dodged            |    88 |    67 ||   155
       Rpst.: Falchion   |    26 |    11 ||    37
       Long sword        |       |     9 ||     9
